Workbook

Sheet 基礎・配偶者・特定親族・所得調整
A2: 令和８年分 給与所得者の基礎控除申告書 兼 給与所得者の配偶者控除等申告書 兼 給与所得者の特定親族特別控除申告書 兼 所得金額調整控除申告書
AI5: 給与の支払者の
B7: 所轄税務署長
AI10: 名 称（氏 名） | GB10: （フリガナ）
GB16: あなたの氏名
BQ17: ※この申告書の提出を受けた給与の支払者（個人を除きます。）が記載してください。
AI18: 給与の支払者の
AI23: 法 人 番 号
AI27: 給与の支払者の
GB28: あなたの住所
B30: 税務署長
AI31: 所 在 地（住 所） | GB31: 又 は 居 所
L36: 給与所得者の基礎控除申告書 | FJ36: 給与所得者の配偶者控除等申告書
A37: ◆ | BW37: ◆ | FE37: ◆ | IU37: ◆
FE40: ○配偶者の氏名等
B41: ○あなたの本年中の合計所得金額の見積額の計算
IK46: 配 偶 者 の 個 人 番 号 | MA46: 配 偶 者 の 生 年 月 日
J47: 所 得 の 種 類 | AT47: 収 入 金 額 | CO47: 所 得 金 額
FI48: （ フ リ ガ ナ ）
FI55: 配 偶 者 の 氏 名
CO56: （注）
CQ61: =IF(AU56="","",MAX(0,IF(AU56="","",IF(AU56<741000,0,IF(AU56<2191000,AU56-740000,IF(AU56<2193000,1451000,IF(AU56<2196000,1453000,IF(AU56<2200000,1456000,IF(AU56<3600000,ROUNDDOWN(AU56/4,-3)*2.8-80000,IF(AU56<6600000,ROUNDDOWN(AU56/4,-3)*3.2-440000,IF(AU56<8500000,INT(AU56*0.9)-1100000,AU56-1950000)))))))))-N(OC405)))
T62: 給 与 所 得
J63: ⑴
IK65: あなたと配偶者の住所又は居所が | MA65: 非 居 住 者
NH67: 生 計 を 一 に す る事 実
IK70: 異なる場合の配偶者の住所又は居所 | MA70: である配偶者
CG71: 円 | EM71: 円
T79: 給与所得以外
J80: ⑵
T82: の所得の合計額
EM86: 円
FE87: ○配偶者の本年中の合計所得金額の見積額の計算
LW93: 62万円以下かつ年齢70歳以上
CR94: =IF(AND(CQ61="",CQ78=""),"",N(CQ61)+N(CQ78))
J95: あなたの本年中の合計所得金額の見積額
PL96: 区
FI97: 所得の種類 | HG97: 収 入 金 額 | JA97: 所 得 金 額
OZ98: 配
ME100: （昭32.1.1以前生）
J101: （⑴と⑵の合計額） | EL101: 円 | LX101: =IF($PN$130="①","■","□") | OW101: （①）
PL103: 分
OZ105: 偶
JA107: （注）
LO110: 判 | LW110: 《老人控除対象配偶者に該当》
OZ113: 者 | PL113: Ⅱ
AM114: （注）所得金額調整控除や特定支出控除の適用がある場合には、 | FI114: ⑴ | FT114: 給与所得
JC115: =IF(HH108="","",MAX(0,IF(HH108="","",IF(HH108<741000,0,IF(HH108<2191000,HH108-740000,IF(HH108<2193000,1451000,IF(HH108<2196000,1453000,IF(HH108<2200000,1456000,IF(HH108<3600000,ROUNDDOWN(HH108/4,-3)*2.8-80000,IF(HH108<6600000,ROUNDDOWN(HH108/4,-3)*3.2-440000,IF(HH108<8500000,INT(HH108*0.9)-1100000,HH108-1950000)))))))))-N(OC407)))
B116: ○控除額の計算
IT117: 円 | KX117: 円
OZ119: 控
AM120: これらの控除の控除後の金額を記載してください。
OZ125: 除
LX126: =IF($PN$130="②","■","□") | ME126: 62万円以下かつ年齢70歳未満 （②）
DG128: 区分Ⅰ
W129: =IF($CR$94="","□",IF($CR$94<=4890000,"■","□"))
AC130: 489万円以下 | CD130: 104万円 | PN130: =IF($JD$151="","",IF($JD$151<=620000,IF(AND($MB$52<>"",N($MB$52)>0,N($MB$52)<=DATE(1957,1,1)),"①","②"),IF($JD$151<=950000,"③",IF($JD$151<=1330000,"④",""))))
FT131: 給与所得以外の
FI133: ⑵
QD135: （左の①〜④を記載）
FT138: 所得の合計額
KX139: 円
OZ142: 配
W144: =IF($CR$94="","□",IF(AND($CR$94>4890000,$CR$94<=6550000),"■","□")) | AC144: 489万円超 655万円以下 | BV144: （Ａ） | CD144: 67万円 | DH144: =IF($CR$94="","",IF($CR$94<=9000000,"A",IF($CR$94<=9500000,"B",IF($CR$94<=10000000,"C",""))))
LO146: 定 | OW146: （③）
LX147: =IF($PN$130="③","■","□") | ME147: 62万円超95万円以下 | OZ147: 偶
JD151: =IF(AND(JC115="",JC128=""),"",N(JC115)+N(JC128))
FI153: 配偶者の本年中の合計所得金額の見積額
OZ154: 者
DG158: （左のA～Cを記載） | OZ158: 特
W159: =IF($CR$94="","□",IF(AND($CR$94>6550000,$CR$94<=9000000),"■","□")) | AC159: 655万円超 900万円以下
FI161: （⑴と⑵の合計額）
KV162: 円 | OZ162: 別
OW164: （④）
LX165: =IF($PN$130="④","■","□") | ME165: 95万円超133万円以下
OZ168: 控
OZ172: 除
B173: 判 | W173: =IF($CR$94="","□",IF(AND($CR$94>9000000,$CR$94<=9500000),"■","□")) | AC173: 900万円超 950万円以下 | BV173: （Ｂ）
FE177: （注）所得金額調整控除や特定支出控除の適用がある場合には、
CD179: 62万円
DF180: 基礎控除の額
FE183: ○控除額の計算
HD184: これらの控除の控除後の金額を記載してください。
W189: =IF($CR$94="","□",IF(AND($CR$94>9500000,$CR$94<=10000000),"■","□")) | AC189: 950万円超 1,000万円以下 | BV189: （Ｃ）
NU190: 配偶者控除の額
DI194: =IF($CR$94="","",IF($CR$94>25000000,0,INDEX('控除額表'!$C$12:$C$17,COUNTIF('控除額表'!$B$12:$B$17,"<"&$CR$94)+1)))
GF195: 区 分 Ⅱ
NY199: =IF(AND(OR($DH$144="A",$DH$144="B",$DH$144="C"),OR($PN$130="①",$PN$130="②")),INDEX('控除額表'!$B$4:$L$6,MATCH($DH$144,'控除額表'!$A$4:$A$6,0),IF($PN$130="①",1,2)),"")
W200: =IF($CR$94="","□",IF(AND($CR$94>10000000,$CR$94<=23500000),"■","□")) | AC200: 1,000万円超 2,350万円以下
B201: 定
EO204: 円
HY205: ④（上記「配偶者の本年中の合計所得金額の見積額（⑴と⑵の合計額）」） | PO205: 円
GF209: ① | GQ209: ② | HG209: ③
W213: =IF($CR$94="","□",IF(AND($CR$94>23500000,$CR$94<=24000000),"■","□")) | AC213: 2,350万円超 2,400万円以下 | CD213: 48万円
HY215: 95万円超 | IK215: 100万円超 | JF215: 105万円超 | JX215: 110万円超 | KP215: 115万円超 | LK215: 120万円超 | MG215: 125万円超 | MU215: 130万円超
NU216: 配偶者特別控除の額
DF217: ※「区分Ⅰ」及び「基礎控除
HY220: 100万円以下 | IK220: 105万円以下 | JF220: 110万円以下 | JX220: 115万円以下 | KP220: 120万円以下 | LK220: 125万円以下 | MG220: 130万円以下 | MU220: 133万円以下
CX224: の額」欄は｢控除額の計算｣
FT225: Ａ
...

Sheet 控除額表
A1: 控除額表（令和8年分 基・配・特・所 申告書 表面「控除額の計算」表および裏面【参考】より転記。様式記載の金額を正とする）
A2: 配偶者控除・配偶者特別控除（区分Ⅰ×区分Ⅱ）
A3: 区分Ⅰ | B3: ① | C3: ② | D3: ③ | E3: 95万超100万以下 | F3: 100万超105万以下 | G3: 105万超110万以下 | H3: 110万超115万以下 | I3: 115万超120万以下 | J3: 120万超125万以下 | K3: 125万超130万以下 | L3: 130万超133万以下
A4: A | B4: 480000 | C4: 380000 | D4: 380000 | E4: 360000 | F4: 310000 | G4: 260000 | H4: 210000 | I4: 160000 | J4: 110000 | K4: 60000 | L4: 30000
A5: B | B5: 320000 | C5: 260000 | D5: 260000 | E5: 240000 | F5: 210000 | G5: 180000 | H5: 140000 | I5: 110000 | J5: 80000 | K5: 40000 | L5: 20000
A6: C | B6: 160000 | C6: 130000 | D6: 130000 | E6: 120000 | F6: 110000 | G6: 90000 | H6: 70000 | I6: 60000 | J6: 40000 | K6: 20000 | L6: 10000
A7: ④の列判定用：配偶者の合計所得金額の見積額の上限（円）
A8: 上限→ | E8: 1000000 | F8: 1050000 | G8: 1100000 | H8: 1150000 | I8: 1200000 | J8: 1250000 | K8: 1300000 | L8: 1330000
A10: 基礎控除（あなたの合計所得金額の見積額）
A11: 区分 | B11: 上限（以下） | C11: 控除額 | E11: ※2,500万円超は0円
A12: 1 | B12: 4890000 | C12: 1040000
A13: 2 | B13: 6550000 | C13: 670000
A14: 3 | B14: 23500000 | C14: 620000
A15: 4 | B15: 24000000 | C15: 480000
A16: 5 | B16: 24500000 | C16: 320000
A17: 6 | B17: 25000000 | C17: 160000
A19: 特定親族特別控除（特定親族の合計所得金額の見積額：62万円超123万円以下）
A20: 区分 | B20: 上限（以下） | C20: 控除額
A21: 1 | B21: 850000 | C21: 630000
A22: 2 | B22: 900000 | C22: 610000
A23: 3 | B23: 950000 | C23: 510000
A24: 4 | B24: 1000000 | C24: 410000
A25: 5 | B25: 1050000 | C25: 310000
A26: 6 | B26: 1100000 | C26: 210000
A27: 7 | B27: 1150000 | C27: 110000
A28: 8 | B28: 1200000 | C28: 60000
A29: 9 | B29: 1230000 | C29: 30000
A31: 給与所得金額の計算（裏面【参考】）
A32: 給与の収入金額 | B32: 給与所得の金額
A33: 1円～740,999円 | B33: 0円
A34: 741,000円～2,190,999円 | B34: 収入－740,000円
A35: 2,191,000円～2,192,999円 | B35: 1,451,000円
A36: 2,193,000円～2,195,999円 | B36: 1,453,000円
A37: 2,196,000円～2,199,999円 | B37: 1,456,000円
A38: 2,200,000円～3,599,999円 | B38: {収入÷4(千円未満切捨)}×2.8－80,000円
A39: 3,600,000円～6,599,999円 | B39: {収入÷4(千円未満切捨)}×3.2－440,000円
A40: 6,600,000円～8,499,999円 | B40: 収入×90%－1,100,000円
A41: 8,500,000円～ | B41: 収入－1,950,000円
